 Dungeon Sprint DCSS version 0.27.1-33-g824d729ab1 (webtiles) character file.

Game seed: 15241476443980457406

626 Hipnos the Carver (level 7, -5/105 HPs)
             Began as a White Draconian Berserker on Nov 30, 2021.
             Was a Priest of Trog.
             Slain by a sixfirhy (9 damage)
             ... summoned by a kobold demonologist
             ... while paralysed by a floating eye
             ... in the Dungeon (Sprint I: "Red Sonja").
             The game lasted 00:01:38 (518 turns).

Hipnos the Carver (White Draconian Berserker)        Turns: 518, Time: 00:01:39

Health: -5/105     AC:  6    Str: 21    XL:     7   Next: 23%
Magic:  12/12      EV:  2    Int:  8    God:    Trog [***...]
Gold:   405        SH:  0    Dex: 10    Spells: 6/6 levels left

rFire    . . .     SeeInvis .   a - +0 falchion
rCold    + . .     Faith    .   (no shield)
rNeg     . . .     Spirit   .   (armour unavailable)
rPois    .         Reflect  .   (helmet restricted)
rElec    .         Harm     .   (no cloak)
rCorr    .         Rampage  .   (no gloves)
Will     ++...     NoTele   +   (no boots)
Stlth    ..........             (no amulet)
HPRegen  1.27/turn              (no ring)
MPRegen  0.13/turn              (no ring)

@: paralysed, berserking, short of breath, strong-willed, regenerating
A: breathe frost, AC +6, unfitting armour, cold resistance 1, cold-blooded
a: Breathe Frost, Renounce Religion, Berserk, Trog's Hand


You were in the Dungeon.
You worshipped Trog.
Trog was most pleased with you.
You visited 1 branch You collected 405 gold pieces.

Inventory:

Hand Weapons
 a - a +0 falchion (weapon)
Scrolls
 g - a scroll of blinking
 i - a scroll of magic mapping {unknown}
Potions
 b - a potion of curing
 c - 2 potions of heal wounds
 d - a potion of haste
 e - 2 potions of magic
 f - a potion of berserk rage
 h - a potion of mutation {unknown}


   Skills:
 + Level 9.2 Fighting
 + Level 9.5 Long Blades
 + Level 7.5 Dodging
 * Level 7.4 Invocations


You had 6 spell levels left.
You didn't know any spells.
Your spell library was empty.

Dungeon Overview and Level Annotations

Branches:
Dungeon (1/1)

Altars:
Cheibriados
Dithmenos
Elyvilon
Fedhas
Gozag
Hepliaklqana
Kikubaaqudgha
Makhleb
Nemelex Xobeh
Okawaru
Qazlal
Ru
Sif Muna
Trog
Uskayaw
Vehumet
Wu Jian
Xom
Yredelemnul
Zin
The Shining One
Jiyva
Lugonu

Shops:
D (


Innate Abilities, Weirdness & Mutations

You can breathe waves of freezing cold which knock back foes.
Your icy white scales are hard. (AC +6)
You cannot fit into any form of body armour.
Your flesh is cold resistant. (rC+)
You are cold-blooded and may be slowed by cold attacks.


Message History

You open the door.
A floating eye and a kobold demonologist come into view.
The floating eye turns its gaze towards you.
Unknown command.
Press: ? - help, Shift-Dir - straight line, f - kobold demonologist
Aim: a kobold demonologist, wielding a +0 dagger and wearing a +0 robe (asleep)
You exhale a wave of freezing cold.
The freezing breath hits the floating eye!
The floating eye is almost dead.
The floating eye is blown backwards by the freezing wind.
The floating eye collides with the kobold demonologist!
The kobold demonologist shouts!
The freezing breath misses the kobold demonologist.
The kobold demonologist casts a spell.
A kobold demonologist comes into view.
It is wielding a +2 dagger of distortion.
Your skin crawls.
You feel strong-willed. The sixfirhy hits you. The sixfirhy shocks you!
The sixfirhy closely misses you. The floating eye's view fixates on you.
A red film seems to cover your vision as you go berserk!
You feel yourself moving faster!
You feel mighty! The sixfirhy hits you. The sixfirhy shocks you!
The sixfirhy barely misses you.
The kobold demonologist casts a spell.
You slash the sixfirhy!
Your tail-slap misses the sixfirhy.
The sixfirhy is heavily wounded.
You closely miss the sixfirhy.
The sixfirhy is heavily wounded.
The floating eye gazes piercingly through you!
You suddenly lose the ability to move!
The kobold demonologist mumbles some strange words. x2
The sixfirhy hits you! The sixfirhy shocks you! The sixfirhy hits you!
The sixfirhy shocks you! The sixfirhy hits you!
* * * LOW HITPOINT WARNING * * *
The sixfirhy shocks you!
* * * LOW HITPOINT WARNING * * *
The sixfirhy hits you.
* * * LOW HITPOINT WARNING * * *
The sixfirhy shocks you!
You die...

######################
..)..#..'..#__#.@3GK4#
).#..').#..'..'..#K3.#
####'#####'#__#### .4+
###..#...#.#### ##
__####..##.#
_____##'#_.+
_.∩..÷'..._#
_..__##_.#'#
_____###+#.#


You could see a sun demon (summoned), an orange demon (summoned), an ice devil
(summoned), 2 kobold demonologists, a sixfirhy (summoned) and a floating eye.

Vanquished Creatures
  A slime creature (D)
  Sigmund (D)
  A yak (D)
  An ogre (D)
  A jelly (D)
  Ijyb (D)
6 creatures vanquished.

Notes
Turn   | Place    | Note
-------+----------+-------------------------------------------
     0 | D        | Hipnos the Draconian Berserker began the quest for the Orb.
     0 | D        | Reached XP level 1. HP: 19/19 MP: 1/1
     1 | D        | Noticed Ijyb
     7 | D        | Killed Ijyb
     8 | D        | Reached XP level 2. HP: 27/28 MP: 1/3
   101 | D        | Noticed an ogre
   105 | D        | Killed an ogre
   106 | D        | Reached skill level 5 in Long Blades
   106 | D        | Reached skill level 5 in Dodging
   106 | D        | Reached XP level 3. HP: 37/37 MP: 3/6
   106 | D        | Reached XP level 4. HP: 44/44 MP: 3/7
   137 | D        | Noticed Sigmund
   143 | D        | Killed Sigmund
   143 | D        | Reached ** piety under Trog
   144 | D        | Reached skill level 5 in Invocations
   144 | D        | Reached XP level 5. HP: 52/52 MP: 7/9
   144 | D        | Reached XP level 6. HP: 60/60 MP: 7/10
   185 | D        | Found an ornate altar of the Wu Jian Council.
   185 | D        | Found a shimmering blue altar of Sif Muna.
   187 | D        | Found a radiant altar of Vehumet.
   265 | D        | Found Heteiz's Weapon Emporium.
   265 | D        | Found an ancient bone altar of Kikubaaqudgha.
   265 | D        | Found a hazy altar of Hepliaklqana.
   265 | D        | Found a stormy altar of Qazlal.
   265 | D        | Found a hide-covered altar of Uskayaw.
   265 | D        | Found a blossoming altar of Fedhas.
   265 | D        | Found a bloodstained altar of Trog.
   265 | D        | Found an iron altar of Okawaru.
   265 | D        | Found a basalt altar of Yredelemnul.
   265 | D        | Found a glowing golden altar of the Shining One.
   265 | D        | Found a snail-covered altar of Cheibriados.
   265 | D        | Found a sacrificial altar of Ru.
   265 | D        | Found a glowing silver altar of Zin.
   265 | D        | Found a shadowy altar of Dithmenos.
   265 | D        | Found a white marble altar of Elyvilon.
   265 | D        | Noticed a yak
   266 | D        | Found an opulent altar of Gozag.
   270 | D        | Killed a yak
   271 | D        | Found a sparkling altar of Nemelex Xobeh.
   309 | D        | Found a burning altar of Makhleb.
   309 | D        | Found a viscous altar of Jiyva.
   309 | D        | Found a shimmering altar of Xom.
   309 | D        | Found a corrupted altar of Lugonu.
   309 | D        | Noticed a slime creature
   321 | D        | Killed a slime creature
   321 | D        | Reached *** piety under Trog
   322 | D        | Your scales start taking on an icy white colour.
   322 | D        | Reached XP level 7. HP: 54/70 MP: 12/12
   322 | D        | Gained mutation: Your flesh is cold resistant. (rC+) [White
                  | Draconian growth]
   511 | D        | Noticed a kobold demonologist
   512 | D        | Noticed a kobold demonologist
   513 | D        | Noticed a sixfirhy
   515 | D        | Noticed a sun demon
   516 | D        | Paralysed by a floating eye for 4 turns
   518 | D        | Noticed an orange demon
   518 | D        | Noticed an ice devil
   518 | D        | HP: 4/105 [sixfirhy[a kobold demonologist] (5)]
   518 | D        | Slain by a sixfirhy

Illustrated notes

Levels and vault maps discovered:
D:        dungeon_sprint_1 [red_sonja_temple_1, red_sonja_temple_small_1]

Skill      XL: |  1  2  3  4  5  6 |
---------------+-------------------+-----
Fighting       | 4 6 7 9 |  9.2
Long Blades    | 4 5 7 9 |  9.5
Dodging        | 3 5 6 7 |  7.5
Invocations    | 2 4 5 7 |  7.4

Action                   |  1- 3 |  4- 6 |  7- 9 || total
-------------------------+-------+-------+-------++-------
Melee: Falchion          |     7 |    22 |     2 ||    31
       Tailslap          |     2 |     2 |       ||     4
Invok: Berserk           |     2 |     3 |     1 ||     6
       Trog's Hand       |       |       |     1 ||     1
 Abil: Breathe Frost     |       |       |     1 ||     1
Armor: Skin              |     1 |     2 |       ||     3
Dodge: Dodged            |     1 |     6 |     2 ||     9
       Rpst.: Falchion   |       |     2 |       ||     2
